Map: Mécanisation EC

Players

Sorandom - Winner!

  • Race: Zerg Zerg
  • League: Diamond
  • Spawn Location: 3:00

illu

  • Race: Zerg Zerg
  • League: Diamond
  • Spawn Location: 9:00

VOD

Have the link to the VOD?

Description

Time

  • Played on: April 4, 2019, 12:13 p.m.
  • Length: 4:51
Show
View Real Time Build Order
Export as new Build Order

Sorandom Zerg - Winner!

Build Orders: Pool First 

Get SALT Encoding   

  12  0:02  Drone  
  13  0:13  Overlord  
  13  0:24  Drone  
  14  0:32  Drone  
  14  0:33  Drone  
  16  0:46  Spawning Pool  
  16  0:47  Drone  
  16  0:51  Drone  
  16  0:54  Extractor  
  16  1:17  Hatchery  
  15  1:22  Drone  
  16  1:26  Drone  
  16  1:28  Drone  
  18  1:33  Zergling x2  
  19  1:44  Queen  
  21  1:48  Zergling x2  
  22  2:01  Metabolic Boost  
  22  2:04  Overlord  
  22  2:17  Overlord  
  22  2:21  Queen  
  24  2:24  Zergling x2  
  25  2:37  Drone  
  26  2:46  Zergling x6  
  26  2:49  Zergling x2  
  30  2:55  Zergling x8  
  34  3:03  Zergling x4  
  37  3:12  Zergling x2  
  37  3:13  Zergling x2  
  38  3:23  Zergling x4  
  40  3:33  Zergling x6  
  43  3:37  Drone  
  43  3:39  Overlord  
  44  3:54  Zergling x2  
  43  3:56  Zergling x2  
  43  3:57  Zergling x2  
  41  4:05  Zergling x2  
  35  4:13  Zergling x12  
  38  4:19  Drone  
  36  4:26  Zergling x2  
  36  4:29  Drone  
Show
View Real Time Build Order
Export as new Build Order

illu Zerg 

Build Orders: Hatch First, Zergling Baneling 

Get SALT Encoding   

  12  0:02  Drone  
  13  0:12  Overlord  
  13  0:18  Drone  
  14  0:31  Drone  
  14  0:32  Drone  
  16  0:36  Drone  
  17  0:56  Hatchery  
  16  0:57  Drone  
  16  1:01  Drone  
  18  1:11  Extractor  
  18  1:16  Spawning Pool  
  16  1:19  Drone  
  16  1:23  Drone  
  18  1:30  Drone  
  19  1:41  Drone  
  20  1:51  Drone  
  21  2:01  Overlord  
  21  2:07  Queen  
  23  2:08  Queen  
  25  2:18  Zergling x4  
  25  2:20  Metabolic Boost  
  27  2:31  Drone  
  27  2:33  Drone x3  
  31  2:42  Drone  
  32  2:50  Overlord  
  32  2:55  Drone x2  
  32  2:56  Baneling Nest  
  33  3:06  Overlord x2  
  33  3:14  Zergling x2  
  34  3:21  Queen  
  34  3:25  Zergling x2  
  34  3:26  Zergling x10  
  42  3:35  Zergling x4  
  42  3:40  Baneling  
  42  3:41  Baneling x3  
  44  3:54  Zergling x16  
  44  3:55  Baneling x4  
  36  4:05  Zergling x4  
  20  4:20  Zergling x2  
  20  4:21  Zergling x4  
  14  4:36  Baneling  
Tags
 
Matchup
ZvZ
Race
Zerg
Replay Pack
Pack 2
Spawn Locations
Cross Positions
Add a new tag
Caveats
  • Supply blocks, unpowered buildings, or Contaminate may cause inaccurate times.
  • Supply counts are checked every 10 seconds.